 Dungeon Crawl Stone Soup version 0.20.1-1-g8b1a95d (webtiles) character file.

69265 Mesmaeker13 the Geomancer (level 14, -3/107 HPs)
             Began as a Demigod Earth Elementalist on July 29, 2017.
             Killed by divine providence
             ... invoked by Saint Roka
              (15 damage)
             ... on level 2 of the Orcish Mines.
             The game lasted 01:39:10 (33935 turns).

Mesmaeker13 the Geomancer (DgEE)                   Turns: 33935, Time: 01:39:11

Health: -3/107     AC: 14    Str: 13    XL:     14   Next: 48%
Magic:  28/32      EV: 19    Int: 25    God:
Gold:   1092       SH:  0    Dex: 16    Spells: 13/33 levels left

rFire    . . .     SeeInvis .   v - staff of earth
rCold    . . .     Gourm    +   (no shield)
rNeg     + . .     Faith    .   Z - +3 leather armour of Patience {rN+ rCorr}
rPois    +         Spirit   .   (no helmet)
rElec    .         Reflect  .   e - +0 cloak
rCorr    +         Harm     .   p - +2 pair of gloves
MR       ++...                  L - +1 pair of boots
Stlth    ++........             I - amulet of the gourmand
Regen    0.3/turn               a - ring of poison resistance
MPRegen  0.3/turn               t - ring of protection from magic

@: no status effects
A: high mp 1
a: no special abilities


You were on level 2 of the Orcish Mines.
You were very full.

You visited 4 branches of the dungeon, and saw 19 of its levels.
You also visited: Sewer.

You collected 1770 gold pieces.
You spent 678 gold pieces at shops.

Inventory:

Hand Weapons
 B - a +0 vampiric dagger
 E - a +1 scimitar of electrocution
 J - a +2 mace of protection
Armour
 e - a +0 cloak (worn)
 p - a +2 pair of gloves (worn)
 L - a +1 pair of boots (worn)
 Z - the +3 leather armour of Patience (worn) {rN+ rCorr}
   (You found it on level 10 of the Dungeon)

   It protects you from negative energy.
   It protects you from acid and corrosion.
Magical Staves
 v - an uncursed staff of earth (weapon)
Jewellery
 a - a ring of poison resistance (left hand)
 t - a ring of protection from magic (right hand)
 C - an uncursed ring of protection from fire
 I - an amulet of the gourmand (around neck)
Wands
 b - a wand of iceblast (10/15)
 m - a wand of confusion (23/48)
 F - a wand of iceblast (8/15)
Scrolls
 f - 3 scrolls of remove curse
 i - 4 scrolls of teleportation
 o - a scroll of vulnerability {unknown}
 r - 4 scrolls of fear
 u - a scroll of enchant armour
 w - a scroll of recharging {unknown}
 x - a scroll of torment {unknown}
 y - 3 scrolls of magic mapping
 M - 4 scrolls of fog
 R - a scroll of random uselessness {unknown}
Potions
 g - a potion of brilliance {unknown}
 j - a potion of haste {unknown}
 q - a potion of resistance {unknown}
 z - 2 potions of berserk rage
 D - a potion of agility
 H - a potion of mutation {unknown}
 N - 2 potions of ambrosia {unknown}
 T - 2 potions of cancellation
 U - a potion of flight {unknown}
Books
 h - a book of Minor Magic

   Spells                             Type                      Level
   a - Magic Dart                     Conjuration                  1
   b - Blink                          Translocation                2
   c - Call Imp                       Summoning                    2
   d - Slow                           Hexes                        2
   e - Conjure Flame                  Conjuration/Fire             3
   f - Mephitic Cloud                 Conjuration/Poison/Air       3
 k - a book of Transfigurations

   Spells                             Type                      Level
   a - Irradiate                      Conjuration/Transmutation    5
   b - Statue Form                    Transmutation/Earth          6
   c - Hydra Form                     Transmutation                6
   d - Dragon Form                    Transmutation                7
Comestibles
 d - 8 bread rations
 G - a royal jelly


   Skills:
 - Level 5.5 Fighting
 - Level 8.0 Armour
 + Level 10.2 Dodging
 - Level 1.7 Stealth
 - Level 10.0 Spellcasting
 + Level 8.3 Conjurations
 - Level 4.0 Transmutations
 - Level 3.0 Air Magic
 + Level 13.8 Earth Magic
 - Level 4.1 Poison Magic


You had 13 spell levels left.
You knew the following spells:

 Your Spells              Type           Power        Failure   Level  Hunger
a - Sandblast             Erth           ######       1%          1    None
b - Stone Arrow           Conj/Erth      ######       1%          3    None
c - Passwall              Tmut/Erth      ######....   1%          2    None
d - Lee's Rapid Deconstr  Erth           #######...   1%          5    ####...
e - Mephitic Cloud        Conj/Pois/Air  #####...     2%          3    None
f - Petrify               Tmut/Erth      ######..     1%          4    None
g - Blink                 Tloc           N/A          9%          2    None


Dungeon Overview and Level Annotations

Branches:
Dungeon (10/15)            Temple (1/1) D:4            Lair (6/6) D:9
  Swamp (0/4) Lair:3        Slime (0/5) Lair:6          Orc (2/2) D:10
    Elf (0/3) Orc:2
  Snake: Lair:2-4    Spider: Lair:2-4

Shops:
D:6 *   D:9 [   Orc:2 ?=

Annotations:
Lair:2 Gastronok
Orc:2 Saint Roka


Innate Abilities, Weirdness & Mutations

You have an increased reservoir of magic. (+10% MP)


Message History

a chain mail; a mace
There is an escape hatch in the floor here.
You start resting.
An orc warrior is nearby!
An orc warrior is nearby!
An orc warrior is nearby!
You slide downwards.
The hatch slams shut behind you.
Level annotation: Saint Roka Saint Roka calls down the wrath of Beogh upon you.
Beogh smites you!
* * * LOW HITPOINT WARNING * * *
As you read the scroll of teleportation, it crumbles to dust.
You feel strangely unstable.
Saint Roka is nearby!
It was a potion of cancellation.
You feel strangely stable.
You feel magically purged.
Saint Roka calls down the wrath of Beogh upon you.
Beogh smites you!
You die...

#...#......###...#......#.## #.
###..........#....##.#..#...# #.
##.................#...##..######
........................).[##.###
...#........##.........##<##...##
.##................#..##[##...##.
.#.....................[.........
......<.).[............#.......#.
.....).........#@........#..#...#
.................8.8[......###.##
............[...o...........##.##
...............##.)[.#..........#
.............###.[[..###.....#.##
......)....)## #...)8# ##.#.[...#
............#**##...##**#.##[)...
............#,,,#...#,,,#.###[...
.##...(.....#,,.'...'.,,#.##.)...


You could see Saint Roka.

Vanquished Creatures
  A stone giant (Orc:1)
  2 entropy weavers (Lair:4)
  The ghost of MOTKU the Nimble, a journeyman DECj of Okawaru (D:10)
  Erolcha (Orc:2)
  A fire dragon (Lair:6)
  7 hydras
  A two-headed ogre (D:8)
  A dancing weapon (Orc:2)
  A queen ant (Lair:4)
  An orc high priest (Orc:2)
  A swamp dragon (Lair:6)
  Pikel (D:4)
  An orc knight (Orc:2)
  A wolf spider (Lair:6)
  3 orc sorcerers
  5 elephants (Lair:6)
  A cyclops (Orc:2)
  9 black mambas
  A torpor snail (Lair:5)
  A guardian serpent (Lair:6)
  21 spiny frogs
  Psyche (D:8)
  9 komodo dragons
  6 rime drakes
  A tyrant leech (Lair:3)
  2 hornets (Lair:6)
  6 trolls
  The ghost of bmj180 the Slasher, an amateur HuFi of Nemelex Xobeh (D:7)
  17 dream sheep
  15 blink frogs
  12 hippogriffs
  A wraith (D:10)
  A redback (Lair:6)
  12 wyverns
  40 yaks
  2 steam dragons (Lair:6)
  9 basilisks
  2 hungry ghosts (D:7)
  Menkaure (D:5)
  4 nagas (Lair:2)
  15 soldier ants
  A swamp worm (Lair:3)
  An acid dragon (Lair:6)
  4 wargs
  30 water moccasins
  7 porcupines
  3 swamp drakes (Lair:6)
  4 sky beasts
  24 orc warriors
  3 slaves (D:4)
  2 ice beasts
  A phantom (D:5)
  A necrophage (D:8)
  13 ogres
  2 centaurs
  15 wolves
  16 crocodiles
  20 bullfrogs
  4 big kobolds
  A gnoll sergeant (D:9)
  A wyvern skeleton (D:9)
  3 wights (D:10)
  A howler monkey (D:4)
  A crimson imp (D:6)
  A bullfrog skeleton (D:4)
  2 bullfrog zombies
  4 jellies
  16 orc priests
  5 centaur skeletons
  3 hounds
  Jessica (D:2)
  Terence (D:3)
  27 worker ants
  Natasha (D:2)
  2 iguanas
  16 orc wizards
  A killer bee zombie (D:8)
  A hound zombie (D:3)
  2 hound skeletons
  A worker ant zombie (D:5)
  A howler monkey zombie (D:10)
  22 adders
  7 gnolls (D:9)
  3 shadow imps
  11 oozes
  3 adder zombies
  3 worms
  4 dart slugs (D:1)
  14 leopard geckos
  91 orcs
  11 ball pythons
  14 bats
  25 giant cockroaches
  9 goblins
  12 hobgoblins
  23 jackals
  25 kobolds
  7 quokkas
  15 frilled lizards
  A jackal skeleton (D:4)
  A jackal zombie (D:3)
  A quokka skeleton (D:8)
  A quokka zombie (D:5)
  18 rats
  A fungus (Lair:5)
784 creatures vanquished.

Vanquished Creatures (others)
  A yak (Lair:6)
  36 fungi
  51 plants
88 creatures vanquished.

Grand Total: 872 creatures vanquished

Notes
Turn   | Place    | Note
-------+----------+-------------------------------------------
     0 | D:1      | Mesmaeker13 the Demigod Earth Elementalist began the quest for the Orb.
     0 | D:1      | Reached XP level 1. HP: 14/14 MP: 5/5
   518 | D:1      | Reached XP level 2. HP: 20/20 MP: 7/7
   552 | D:1      | Reached skill level 3 in Earth Magic
  1195 | D:1      | Reached XP level 3. HP: 14/26 MP: 1/9
  1255 | D:1      | Learned a level 3 spell: Stone Arrow
  1637 | D:2      | Noticed Jessica
  1641 | D:2      | Killed Jessica
  1641 | D:2      | Reached skill level 1 in Conjurations
  1688 | D:2      | Found an opulent altar of Gozag.
  1688 | D:2      | Found a bloodstained altar of Trog.
  1688 | D:2      | Found a white marble altar of Elyvilon.
  1688 | D:2      | Found a snail-covered altar of Cheibriados.
  1715 | D:2      | Found a glowing golden altar of the Shining One.
  1717 | D:2      | Found a sacrificial altar of Ru.
  1721 | D:2      | Reached XP level 4. HP: 30/33 MP: 6/10
  1722 | D:2      | Found a radiant altar of Vehumet.
  1772 | D:2      | Learned a level 2 spell: Passwall
  2448 | D:2      | Found a sparkling altar of Nemelex Xobeh.
  2648 | D:2      | Noticed Natasha
  2663 | D:2      | Killed Natasha
  2663 | D:2      | Reached XP level 5. HP: 38/38 MP: 5/12
  2927 | D:3      | Noticed Terence
  2954 | D:3      | Killed Terence
  3407 | D:3      | Reached XP level 6. HP: 39/45 MP: 11/13
  3561 | D:3      | Reached skill level 4 in Earth Magic
  3707 | D:3      | Found a faded altar of an unknown god.
  3879 | D:4      | Learned a level 5 spell: Lee's Rapid Deconstruction
  4023 | D:4      | Found a staircase to the Ecumenical Temple.
  4041 | Temple   | Entered the Ecumenical Temple
  4284 | D:4      | Reached XP level 7. HP: 33/50 MP: 3/15
  4964 | D:4      | Noticed Pikel
  4977 | D:4      | Killed Pikel
  4977 | D:4      | Reached skill level 5 in Earth Magic
  5325 | D:5      | Entered Level 5 of the Dungeon
  5368 | D:5      | Reached XP level 8. HP: 57/57 MP: 9/17
  5595 | D:5      | Noticed Menkaure
  5611 | D:5      | Killed Menkaure
  5611 | D:5      | Reached skill level 5 in Dodging
  6259 | D:5      | Reached skill level 6 in Earth Magic
  6658 | D:6      | Reached skill level 5 in Conjurations
  6839 | D:6      | Found a glowing drain.
  6843 | Sewer    | Entered a sewer
  7717 | D:6      | Reached XP level 9. HP: 49/62 MP: 7/19
  8082 | D:6      | Found Nupteja's Assorted Antiques.
  8087 | D:6      | Bought a scroll of identify for 54 gold pieces
  8087 | D:6      | Bought a scroll of identify for 54 gold pieces
  8087 | D:6      | Bought a scroll of identify for 54 gold pieces
  8087 | D:6      | Bought a scroll of identify for 54 gold pieces
  8368 | D:7      | Reached skill level 7 in Earth Magic
  8605 | D:7      | Learned a level 3 spell: Mephitic Cloud
  8664 | D:7      | Noticed bmj180's ghost (amateur HuFi)
  8680 | D:7      | Killed bmj180's ghost
  8680 | D:7      | Reached skill level 1 in Poison Magic
  9599 | D:8      | Found a blossoming altar of Fedhas.
  9602 | D:8      | Noticed Psyche
  9607 | D:8      | Killed Psyche
  9624 | D:8      | Reached skill level 8 in Earth Magic
  9765 | D:8      | Noticed a two-headed ogre
  9782 | D:8      | Killed a two-headed ogre
  9782 | D:8      | Reached XP level 10. HP: 69/69 MP: 7/20
 10552 | D:8      | Reached skill level 1 in Air Magic
 11612 | D:9      | Found Muihank's Armour Shop.
 11672 | D:9      | Found a staircase to the Lair.
 11864 | D:10     | Entered Level 10 of the Dungeon
 12115 | D:10     | Reached skill level 9 in Earth Magic
 12144 | D:10     | Got an ancient leather armour
 12158 | D:10     | Found a staircase to the Orcish Mines.
 12224 | D:9      | Identified the +3 leather armour of Patience {rN+ rCorr} (You found it on level 10 of the Dungeon)
 12306 | Lair:1   | Entered Level 1 of the Lair of Beasts
 12526 | Lair:1   | Noticed a four-headed hydra
 12540 | Lair:1   | Killed a four-headed hydra
 12930 | Lair:1   | Reached skill level 5 in Spellcasting
 13078 | Lair:1   | Reached XP level 11. HP: 74/74 MP: 15/22
 13714 | Lair:2   | Noticed a five-headed hydra
 13718 | Lair:2   | Killed a five-headed hydra
 13790 | Lair:2   | Found a labyrinth entrance.
 13797 | Lair:2   | Noticed a five-headed hydra
 13807 | Lair:2   | Killed a five-headed hydra
 13896 | Lair:2   | Reached skill level 10 in Earth Magic
 14264 | Lair:2   | Reached skill level 10 in Dodging
 14332 | Lair:2   | Reached skill level 1 in Armour
 14744 | Lair:2   | Noticed Gastronok
 15464 | Lair:3   | Got a transparent chain mail
 15466 | Lair:3   | Identified the cursed +1 chain mail of Qoblikhli {rF+ rCorr Str-5 Int+7} (You found it on level 3 of the Lair of Beasts)
 15552 | Lair:3   | Found a staircase to the Swamp.
 16809 | Lair:4   | Reached XP level 12. HP: 70/81 MP: 10/27
 16810 | Lair:4   | Noticed an entropy weaver
 16919 | Lair:4   | Reached skill level 11 in Earth Magic
 17325 | Lair:4   | Killed an entropy weaver
 17594 | Lair:4   | Noticed an eight-headed hydra
 17599 | Lair:4   | Killed an eight-headed hydra
 17599 | Lair:4   | Reached skill level 5 in Armour
 18342 | Lair:4   | Noticed an entropy weaver
 18353 | Lair:4   | Killed an entropy weaver
 19471 | Lair:5   | Noticed a four-headed hydra
 19476 | Lair:5   | Killed a four-headed hydra
 19686 | Lair:5   | Noticed a six-headed hydra
 19693 | Lair:5   | Killed a six-headed hydra
 20311 | Lair:5   | Noticed a seven-headed hydra
 20317 | Lair:5   | Killed a seven-headed hydra
 20317 | Lair:5   | Reached skill level 12 in Earth Magic
 20853 | Lair:1   | Learned a level 4 spell: Petrify
 20960 | Lair:6   | Entered Level 6 of the Lair of Beasts
 21363 | Lair:5   | Reached XP level 13. HP: 50/86 MP: 14/30
 22807 | Lair:6   | Reached skill level 1 in Transmutations
 23425 | Lair:6   | Reached skill level 1 in Fighting
 24190 | Lair:5   | HP: 2/91 [black mamba (11)]
 25051 | Lair:6   | Reached skill level 10 in Spellcasting
 26052 | Lair:6   | Reached skill level 13 in Earth Magic
 27014 | Lair:6   | Reached XP level 14. HP: 103/103 MP: 20/32
 27099 | Lair:6   | Found a staircase to the Slime Pits.
 27914 | D:6      | Bought a papyrus book for 405 gold pieces
 27914 | D:6      | Bought a scroll labeled UTATEI SACLE for 27 gold pieces
 28279 | D:10     | Noticed MOTKU's ghost (journeyman DECj)
 28290 | D:10     | Killed MOTKU's ghost
 28716 | D:10     | Reached skill level 5 in Fighting
 29438 | Orc:1    | Entered Level 1 of the Orcish Mines
 29950 | Orc:2    | Entered Level 2 of the Orcish Mines
 30088 | Orc:2    | Found a roughly hewn altar of Beogh.
 30155 | Orc:2    | Found a roughly hewn altar of Beogh.
 30175 | Orc:2    | Found Losubair's Jewellery Shoppe.
 30679 | Orc:2    | Found a roughly hewn altar of Beogh.
 30800 | Orc:1    | Noticed an orc warlord
 31665 | Orc:2    | Found a staircase to the Elven Halls.
 31678 | Orc:2    | Noticed Erolcha
 31698 | Orc:2    | Killed Erolcha
 31991 | Orc:2    | Found a roughly hewn altar of Beogh.
 31995 | Orc:2    | Found Qeodasin's Magic Scroll Emporium.
 32002 | Orc:2    | Bought a scroll of identify for 30 gold pieces
 32058 | Orc:2    | Noticed Saint Roka
 32651 | Orc:1    | Learned a level 2 spell: Blink
 33935 | Orc:2    | Killed from afar by Saint Roka

Skill      XL: |  1  2  3  4  5  6  7  8  9 10 11 12 13 14 |
---------------+-------------------------------------------+-----
Dodging        | 2 3 4 6 7 9 10 | 10.2
Spellcasting   | 2 3 4 5 7 9 10 | 10.0
Earth Magic    | 3 4 5 6 8 9 10 12 13 | 13.8
Conjurations   | 1 2 3 4 5 6 8 |  8.3
Poison Magic   | 3 4 |  4.1
Air Magic      | 3 |  3.0
Armour         | 4 7 8 |  8.0
Transmutations | 4 |  4.0
Fighting       | 3 5 |  5.5
Stealth        | |  1.7

Action                   |  1- 3 |  4- 6 |  7- 9 | 10-12 | 13-15 || total
-------------------------+-------+-------+-------+-------+-------++-------
Melee: Unarmed           |    13 |       |       |       |       ||    13
       Spear             |    98 |   223 |    50 |       |       ||   371
       Hand axe          |       |     9 |    29 |       |       ||    38
       Staff             |       |     1 |   271 |   123 |   104 ||   499
       Mace              |       |       |     2 |    25 |       ||    27
       Scimitar          |       |       |       |    93 |   222 ||   315
Throw: Throwing net      |       |       |       |       |     2 ||     2
 Cast: Sandblast         |    47 |    37 |    99 |   161 |    85 ||   429
       Stone Arrow       |       |    19 |    65 |   196 |   347 ||   627
       Passwall          |       |       |     1 |       |     5 ||     6
       Lee's Rapid Decon |       |       |     1 |    38 |    72 ||   111
       Petrify           |       |       |       |       |     3 ||     3
       Mephitic Cloud    |       |       |       |       |     2 ||     2
Evoke: Wand              |       |       |     6 |     3 |       ||     9
  Use: Scroll            |     2 |     3 |     9 |    17 |    13 ||    44
       Potion            |       |     2 |       |     6 |    10 ||    18
 Stab: Sleeping          |     2 |     9 |     3 |     1 |       ||    15
       Distracted        |       |     1 |       |       |       ||     1
       Petrified         |       |       |       |       |     9 ||     9
       Petrifying        |       |       |       |       |     1 ||     1
       Confused          |       |       |       |       |     1 ||     1
  Eat: Chunk             |     3 |    10 |    22 |    51 |    49 ||   135
       Meat ration       |       |       |       |     1 |       ||     1
Armor: Robe              |    40 |    43 |    25 |    42 |       ||   150
       Leather armour    |       |       |    97 |    79 |   151 ||   327
Dodge: Dodged            |   105 |   156 |   378 |   481 |   656 ||  1776
       Rpst.: Scimitar   |       |       |       |    58 |    80 ||   138
